AoeStats
← Pfost3n

MegaRandom

505916876Analyzed
3v3 RM · 20d ago on Sep 11, 2026· 66m 46s· 6 players
Game mode
Random Map
Map size
Normal (6 player)
Population
200
Speed
Normal
Resources
Standard
Victory
Conquest
Starting age
Dark Age
Ending age
Imperial Age
RankedLock teamsTeams togetherTeam positionsShared explorationLock speedFull tech treeHidden civsTurbo modeCheats
Victory
Defeat
🇮🇱 Tatars · Israel
843
+14
🇮🇱 Bulgarians · Israel
815
+15
🇷🇺 Bohemians · Russia
806
+16
🇩🇪 Chinese · Germany
813
-15
🇩🇪 Bulgarians · Germany
807
-15
🇨🇴 Vikings · Colombia
792
-15
Pfost3n
10:17 Feudal Age
21:11 Castle Age
20:53 Scale Mail Armor
23:38 Double-Bit Axe
30:12 Horse Collar
30:06 Elite Skirmisher
35:29 Wheelbarrow
38:26 Bow Saw
38:20 Heavy Plow
39:52 Hand Cart
43:52 Imperial Age
42:07 Light Cavalry
43:03 Forging
46:48 Bloodlines
46:43 Husbandry
46:08 Onager
51:08 Cavalier
53:00 Crop Rotation
53:17 Siege Onager
55:55 Chemistry
Korni
7:19 Loom
13:59 Feudal Age
14:24 Horse Collar
17:00 Man-at-Arms
22:47 Castle Age
22:09 Double-Bit Axe
22:48 Crossbowman
25:06 Bow Saw
28:15 Ballistics
29:06 Heavy Plow
31:25 Padded Archer Armor
33:15 Long Swordsman
35:44 Leather Archer Armor
36:29 Fletching
36:18 Pikeman
39:27 Wheelbarrow
38:38 Town Watch
38:53 Bodkin Arrow
39:04 Scale Barding Armor
39:11 Forging
39:12 Scale Mail Armor
40:41 Hand Cart
41:54 Husbandry
43:58 Squires
43:43 Arson
44:22 Chain Barding Armor
44:30 Bloodlines
48:03 Chain Mail Armor
50:21 Elite Skirmisher
51:54 Town Patrol
52:32 Iron Casting
54:41 Light Cavalry
alejoc9302
0:43 Loom
11:43 Feudal Age
18:29 Castle Age
16:30 Horse Collar
20:58 Man-at-Arms
32:06 Ballistics
34:45 Fletching
34:55 Padded Archer Armor
34:46 Fletching
35:18 Scale Barding Armor
37:51 Town Watch
37:42 Light Cavalry
38:58 Chain Barding Armor
39:01 Forging
44:34 Imperial Age
42:39 Scale Mail Armor
42:40 Padded Archer Armor
44:21 Iron Casting
44:02 Chain Mail Armor
43:43 Bodkin Arrow
44:03 Leather Archer Armor
Bjorraud
13:33 Feudal Age
14:29 Double-Bit Axe
20:08 Castle Age
18:21 Horse Collar
28:51 Imperial Age
26:59 Wheelbarrow
27:27 Bow Saw
29:07 Hand Cart
29:55 Heavy Plow
31:59 Treadmill Crane
35:33 Caravan
36:32 Elite Hussite Wagon
37:33 Conscription
37:21 Wagenburg Tactics
38:13 Ballistics
40:43 Chemistry
41:29 Hussite Reforms
41:13 Loom
41:14 Town Watch
43:36 Redemption
43:27 Atonement
43:38 Fervor
44:51 Two-Man Saw
45:37 Houfnice
47:48 Siege Engineers
52:22 Masonry
52:27 Fortified Wall
53:34 Masonry
60:05 Sanctity
59:46 Devotion
60:11 Illumination
60:02 Block Printing
59:42 Herbal Medicine
60:23 Theocracy
60:08 Heresy
62:02 Faith
63:30 Architecture
63:24 Bombard Tower
62:49 Arrowslits
62:55 Guard Tower
63:16 Careening
63:16 Clinker Construction
63:13 Siphons
62:37 Crossbowman
62:37 Elite Skirmisher
62:39 Light Cavalry
62:40 Cavalier
63:21 Husbandry
63:23 Town Patrol
62:58 Sappers
62:54 Capped Ram
62:55 Onager
62:57 Heavy Scorpion
65:10 Arbalester
SH_208
10:47 Feudal Age
12:13 Double-Bit Axe
18:22 Castle Age
21:31 Gold Mining
21:53 Bow Saw
21:26 Horse Collar
24:36 Fletching
24:49 Padded Archer Armor
27:10 Gold Shaft Mining
29:38 Bodkin Arrow
30:19 Leather Archer Armor
35:44 Loom
37:16 Ballistics
36:52 Murder Holes
37:19 Silk Armor
40:38 Wheelbarrow
40:52 Caravan
45:45 Imperial Age
44:03 Heavy Plow
45:11 Hand Cart
44:42 Town Watch
47:17 Conscription
48:00 Heavy Cavalry Archer
51:26 Bracer
51:56 Ring Archer Armor
55:23 Chemistry
54:47 Fervor
Karamba
11:06 Feudal Age
11:54 Double-Bit Axe
15:00 Forging
15:18 Scale Mail Armor
17:10 Arson
25:10 Castle Age
24:51 Horse Collar
26:11 Heavy Plow
26:23 Bow Saw
26:54 Wheelbarrow
26:53 Gold Mining
29:59 Gold Shaft Mining
32:34 Hand Cart
33:57 Town Watch
37:48 Imperial Age
37:06 Pikeman
37:33 Gambesons
37:48 Squires
38:19 Heavy Scorpion
42:56 Heated Shot
45:06 Halberdier
47:49 Murder Holes
49:04 Stone Mining
52:22 Chemistry
54:37 Ballistics
54:25 Siege Engineers
60:15 Iron Casting
59:56 Chain Mail Armor
59:33 Fletching
59:44 Padded Archer Armor
64:41 Blast Furnace
64:11 Plate Mail Armor
66:35 Conscription
Connection lost

Rejoining the realm…

Still unreachable

The connection could not be restored.

Session expired

The server has moved on; the page needs a fresh start.